 Dungeon Crawl Stone Soup version 0.27-a0-1193-g8631133539 (webtiles) character file.

Game seed: 1282509812285780462

70690 freelancePsychic the Fighter (level 14, -13/129 HPs)
             Began as a Red Draconian Ice Elementalist on May 27, 2021.
             Was an Elder of Sif Muna.
             Mangled by an ettin
             ... wielding a +0 dire flail
              (32 damage)
             ... on level 12 of the Dungeon.
             The game lasted 01:37:31 (31574 turns).

freelancePsychic the Fighter (DrIE)                Turns: 31574, Time: 01:37:32

Health: -13/129    AC: 18    Str: 11    XL:     14   Next: 95%
Magic:  25/34      EV: 16    Int: 22    God:    Sif Muna [****..]
Gold:   1866       SH:  0    Dex: 18    Spells: 17/28 levels left

rFire    + + +     SeeInvis .   E - +11 dire flail "Zunol" {protect, Dex+6}
rCold    . . .     Faith    +   (shield currently unavailable)
rNeg     . . .     Spirit   .   (armour unavailable)
rPois    .         Reflect  .   (helmet restricted)
rElec    .         Harm     .   x - scarf {rC+ rF+}
rCorr    .         Rampage  .   f - +2 pair of gloves
Will     +....                  (no boots)
Stlth    ++........             y - amulet of faith
HPRegen  0.31/turn              z - ring of magical power
MPRegen  0.24/turn              w - ring of fire

@: in a tornado, under a protective aura, flying (expiring)
A: breathe fire, AC +8, unfitting armour, fire resistance 1, cold-blooded,
stinger 1, talons 1, clever 1
a: Breathe Fire, Renounce Religion, Channel Magic, Forget Spell, Divine Exegesis


You were on level 12 of the Dungeon.
You worshipped Sif Muna.
Sif Muna was greatly pleased with you.
You visited 4 branches of the dungeon, and saw 22 of its levels.
You also visited: Bailey.

You collected 1866 gold pieces.

Inventory:

Hand Weapons
 d - a +3 short sword
 m - a +2 whip of electrocution
 p - a +3 flail
 E - the +11 dire flail "Zunol" (weapon) {protect, Dex+6}
   (You acquired it on level 6 of the Lair of Beasts)

   It grants its wielder temporary protection when it strikes (+7 to AC).
   It affects your dexterity (+6).
Missiles
 j - 16 throwing nets
Armour
 f - a +2 pair of gloves (worn)
 x - a scarf of resistance (worn)
Jewellery
 i - a ring of resist corrosion
 o - a ring of fire
 v - a ring of protection from cold
 w - a ring of fire (right hand)
 y - an amulet of faith (around neck)
 z - a ring of magical power (left hand)
 A - an amulet of the acrobat
 I - a ring of ice
Wands
 e - a wand of acid (17)
 h - a wand of charming (5)
 q - a wand of paralysis (14)
 t - a wand of digging (6)
 B - a wand of mindburst (19)
 C - a wand of iceblast (7)
 K - a wand of flame (75)
 L - a wand of polymorph (4)
Scrolls
 c - 2 scrolls of amnesia
 l - 4 scrolls of magic mapping
 r - a scroll of teleportation {@r4}
 F - 6 scrolls of identify {@r1}
 G - 2 scrolls of enchant weapon
 H - a scroll of holy word
 O - 5 scrolls of enchant armour
Potions
 a - 7 potions of cancellation
 b - a potion of heal wounds {@q2}
 g - a potion of might
 k - 3 potions of flight
 n - 7 potions of attraction
 s - 3 potions of brilliance
 D - a potion of haste {@q3}
 N - a potion of berserk rage
Miscellaneous
 J - a phial of floods
 M - a condenser vane


   Skills:
 - Level 13.0 Fighting
 - Level 12.0 Maces & Flails
 - Level 7.0 Dodging
 - Level 1.7 Stealth
 + Level 7.7 Spellcasting
 - Level 8.4 Conjurations
 - Level 12.8 Fire Magic
 - Level 6.0 Ice Magic
 + Level 10.7 Invocations


You had 17 spell levels left.
You knew the following spells:

 Your Spells              Type           Power      Damage    Failure   Level
b - Frozen Ramparts       Ice            70%        1d9       1%          3
c - Ozocubu's Armour      Ice            35%        N/A       1%          3
e - Fireball              Conj/Fire      35%        3d15      2%          5

Your spell library contained the following spells:

 Spells                   Type           Power      Damage    Failure   Level
 Freeze                   Ice            100%       1d11      1%          1
 Magic Dart               Conj           100%       1d8       1%          1
 Shock                    Conj/Air       100%       1d9       1%          1
 Searing Ray              Conj           90%        3d6       1%          2
 Static Discharge         Conj/Air       27%        N/A       1%          2
 Conjure Flame            Conj/Fire      70%        6-21      1%          3
 Inner Flame              Hex/Fire       53%        N/A       1%          3
 Hailstorm                Conj/Ice       40%        3d10      3%          4
 Ignite Poison            Fire/Tmut/Pois 41%        N/A       4%          3
 Stone Arrow              Conj/Erth      54%        3d10      4%          3
 Apportation              Tloc           16%        N/A       8%          1
 Corona                   Hex            8%         N/A       8%          1
 Sandblast                Erth           16%        2d6       8%          1
 Mephitic Cloud           Conj/Pois/Air  20%        N/A       8%          3
 Passwall                 Tmut/Erth      6%         N/A       12%         2
 Slow                     Hex            8%         N/A       12%         2
 Fulminant Prism          Conj/Hex       13%        3d9       14%         4
 Iskenderun's Mystic Bla  Conj/Tloc      27%        2d7       14%         4
 Confusing Touch          Hex            8%         N/A       22%         3
 Gell's Gravitas          Tloc           4%         N/A       22%         3
 Lesser Beckoning         Tloc           4%         N/A       22%         3
 Portal Projectile        Hex/Tloc       16%        N/A       22%         3
 Tukima's Dance           Hex            8%         N/A       22%         3
 Lightning Bolt           Conj/Air       13%        1d27      36%         5
 Metabolic Englaciation   Hex/Ice        10%        N/A       52%         5
 Cause Fear               Hex            4%         N/A       58%         4
 Leda's Liquefaction      Hex/Erth       4%         N/A       58%         4
 Petrify                  Tmut/Erth      8%         N/A       58%         4
 Alistair's Intoxication  Tmut/Pois      5%         N/A       91%         5
 Yara's Violent Unravell  Hex/Tmut       4%         3d4       91%         5
 Ignition                 Fire           39%        3d12      95%         8
 Simulacrum               Ice/Necr       10%        N/A       98%         6
 Invisibility             Hex            8%         N/A       100%        6
 Shatter                  Erth           4%         3d7*      100%        9
 Tornado                  Air            4%         N/A       100%        9


Dungeon Overview and Level Annotations

Branches:
Dungeon (14/15)            Temple (1/1) D:4            Lair (6/6) D:9
 Shoals (0/4) Lair:3       Spider (0/4) Lair:3        Slime (0/5) Lair:6
    Orc (1/2) D:12         Bailey (visited)
 Vaults: D:13-14

Altars:
Ashenzari
Cheibriados
Dithmenos
Elyvilon
Fedhas
Gozag
Hepliaklqana
Kikubaaqudgha
Makhleb
Nemelex Xobeh
Okawaru
Qazlal
Ru
Sif Muna
Trog
Uskayaw
Vehumet
Wu Jian
Yredelemnul
Zin
The Shining One
Jiyva

Annotations:
D:3 Grinder
D:12 3 runed translucent doors, Dordric's ghost, journeyman DsBe; Sobieck's ghost, journeyman TeGl; krigyl's ghost, journeyman DrTm
Lair:2 Gastronok, Urug
Lair:4 exclusion: oklob plant
Lair:6 1 runed translucent door


Innate Abilities, Weirdness & Mutations

You can breathe blasts of fire.
Your fiery red scales are hard. (AC +8)
You cannot fit into any form of body armour.
Your flesh is heat resistant. (rF+)
You are cold-blooded and may be slowed by cold attacks.
Your tail ends in a poisonous barb.
You have sharp toenails.
Your mind is acute. (Int +2)


Message History

The wolf is charmed.
The ettin barely misses your wolf.
The ettin hits your wolf with a +0 dire flail!!!
Your wolf dies!
Things that are here:
a +0 giant club; 4 large rocks; an ogre corpse You see here 6 large rocks.
Things that are here:
a +0 giant club; a +0 robe; a +0 flail
There is a staircase back to the Dungeon here.
You climb upwards.
Welcome back to the Dungeon!
Level annotation: 3 runed translucent doors, Dordric's ghost, journeyman DsBe; Sobieck's ghost, journeyman TeGl; krigyl's ghost, journeyman DrTm
There is a staircase to the Orcish Mines here.
You start resting.
HP restored.
Okay, then.
You climb downwards.
Welcome back to the Orcish Mines!
The ettin misses you. x2
The ettin barely misses you.
The ettin hits you with a +0 dire flail!
There is a staircase back to the Dungeon, spattered with blood here.
The ettin barely misses you.
The ettin hits you with a +0 dire flail!!!
You climb upwards.
Welcome back to the Dungeon!
Level annotation: 3 runed translucent doors, Dordric's ghost, journeyman DsBe; Sobieck's ghost, journeyman TeGl; krigyl's ghost, journeyman DrTm
There is a staircase to the Orcish Mines here.
Okay, then.
A great vortex of raging winds appears and lifts you up.
Sif Muna will no longer gift you books. The ettin barely misses you. x2
You puncture the ettin!
Your weapon exudes an aura of protection.
You claw the ettin, but do no damage.
The ettin is lightly wounded.
The ettin closely misses you.
The ettin hits you with a +0 dire flail!!
You hit the ettin. You claw the ettin, but do no damage.
The ettin is moderately wounded.
The ettin hits you with a +0 dire flail!!!
* * * LOW HITPOINT WARNING * * *
The ettin hits you with a +0 dire flail!!
You die...

..............#..............#...
..............##.#...##..####...#
.........#...[##.#....#.##....8..
.......###.....#.....#...#.......
.......###......§........#.......
....##......§.§#§...§....#.......
....#.......§.§#§§§.§............
...#........#§..§§§.§............
...........####.@§........8...>..
##.........####C§§..§............
#....#.<.....#§.§#§§.............
###.........##..##.###...#.......
##.........##§.....##...#.......
#.................###...#.......
##.................##...#....8..
#.#............##......####...#
####....#......###.##........##


You could see an ettin.

Vanquished Creatures
  Kirke (Lair:6)
  An ironbound preserver (D:13)
  Josephine (D:10)
  Harold (D:10)
  Fannar (Lair:3)
  Erolcha (D:11)
  5 hydras
  3 boulder beetles
  An ogre mage (Orc:1)
  A catoblepas (Lair:2)
  2 centaur warriors
  3 two-headed ogres
  An anaconda (Lair:6)
  An orc high priest (Orc:1)
  4 death yaks (Lair:6)
  A wizard (D:14)
  Pikel (D:4)
  4 oklob plants (Lair:5)
  6 ugly things
  13 cyclopes
  10 elephants
  3 manticores
  A torpor snail (Lair:5)
  6 centaur zombies
  6 cane toads
  4 black mambas
  Maggie (Lair:2)
  2 rime drakes (Lair:6)
  Psyche (D:11)
  A kobold demonologist (D:11)
  8 komodo dragons
  An unseen horror (D:12)
  A freezing wraith (D:14)
  A troll (D:12)
  14 blink frogs
  9 slime creatures
  6 spriggans (Lair:6)
  Sigmund (D:3)
  4 shadows
  7 wraiths
  A dire elephant simulacrum (Lair:6)
  3 fire bats (Orc:1)
  43 yaks
  4 basilisks
  3 wyverns
  A steam dragon (D:8)
  13 vampire mosquitoes
  6 hogs (Lair:6)
  Menkaure (D:6)
  2 acid dragons (D:10)
  13 water moccasins
  6 wargs (Orc:1)
  Duvessa (D:7)
  2 sky beasts
  9 ogres
  2 necrophages (D:7)
  3 orc warriors
  A black bear (D:7)
  2 centaurs (D:9)
  3 phantoms
  41 wolves
  A lemure (D:4)
  3 kobold brigands
  15 bullfrogs
  6 scorpions
  3 wyvern zombies
  8 gnoll sergeants (Bailey)
  Dowan (D:7)
  A troll zombie (D:12)
  5 killer bees (D:8)
  7 electric eels
  5 howler monkeys
  A lava snake (Orc:1)
  A bullfrog skeleton (D:6)
  7 gnoll shamans
  8 hounds
  A jelly (D:6)
  2 orc priests
  Jessica (D:2)
  2 iguanas
  8 orc wizards
  13 hell rats
  Terence (D:3)
  A killer bee zombie (D:4)
  7 ogre zombies (D:12)
  A mummy (D:6)
  21 gnolls
  6 adders
  A shadow imp (D:7)
  2 white imps
  2 worms (D:2)
  A dart slug (D:4)
  41 orcs
  4 ball pythons
  6 endoplasms
  4 giant cockroaches
  7 goblins
  5 hobgoblins
  A quokka (D:2)
  5 bats
  4 frilled lizards
  2 goblin skeletons (D:12)
  2 goblin zombies (D:12)
  7 hobgoblin zombies
  26 kobolds
  2 orc skeletons (D:12)
  16 orc zombies
  5 rats
  A plant (Lair:6)
579 creatures vanquished.

Vanquished Creatures (others)
  A wolf (Orc:1)
  101 fungi
  127 plants
  34 withered plants
263 creatures vanquished.

Grand Total: 842 creatures vanquished

Notes
Turn   | Place    | Note
-------+----------+-------------------------------------------
     0 | D:1      | freelancePsychic the Draconian Ice Elementalist began the
                  | quest for the Orb.
     0 | D:1      | Reached XP level 1. HP: 14/14 MP: 3/3
   289 | D:1      | Reached XP level 2. HP: 18/20 MP: 3/5
   992 | D:1      | Found a faded altar of an unknown god.
  1328 | D:2      | Reached XP level 3. HP: 26/26 MP: 6/6
  1417 | D:2      | Learned a level 3 spell: Frozen Ramparts
  1870 | D:2      | Noticed Jessica
  1879 | D:2      | Killed Jessica
  1880 | D:2      | Reached skill level 5 in Ice Magic
  1880 | D:2      | Reached XP level 4. HP: 15/33 MP: 1/8
  1884 | D:2      | Learned a level 3 spell: Ozocubu's Armour
  2208 | D:2      | Reached XP level 5. HP: 37/38 MP: 2/9
  2441 | D:3      | Noticed Grinder
  2449 | D:3      | Found a broken altar of Ashenzari.
  2746 | D:3      | Noticed Terence
  2753 | D:3      | Killed Terence
  2920 | D:3      | Noticed Sigmund
  2931 | D:3      | Your ally died
  2932 | D:3      | Reached XP level 6. HP: 37/45 MP: 2/12
  3153 | D:3      | Found a bloodstained altar of Trog.
  3175 | D:3      | Paralysed by Grinder for 2 turns
  3383 | D:4      | Found a staircase to the Ecumenical Temple.
  3415 | Temple   | Entered the Ecumenical Temple
  3479 | Temple   | Became a worshipper of Sif Muna the Loreminder
  3706 | D:4      | Reached skill level 1 in Invocations
  3820 | D:4      | Found an ornate altar of the Wu Jian Council.
  4093 | D:4      | Your scales start taking on a fiery red colour.
  4093 | D:4      | Reached XP level 7. HP: 47/50 MP: 7/13
  4093 | D:4      | Gained mutation: Your flesh is heat resistant. (rF+) [Red
                  | Draconian growth]
  4205 | D:4      | Reached skill level 1 in Fighting
  4504 | D:4      | Noticed Pikel
  4519 | D:4      | Killed Pikel
  4520 | D:4      | Reached skill level 4 in Fighting
  4520 | D:4      | Reached XP level 8. HP: 40/67 MP: 5/14
  5001 | D:5      | Entered Level 5 of the Dungeon
  5308 | D:5      | Reached skill level 1 in Maces & Flails
  5527 | D:5      | Reached skill level 5 in Fighting
  5626 | D:6      | Reached * piety under Sif Muna
  5932 | D:6      | Reached skill level 6 in Fighting
  5990 | D:6      | Noticed Menkaure
  6019 | D:6      | Killed Menkaure
  6109 | D:6      | Reached XP level 9. HP: 66/78 MP: 9/15
  6225 | D:6      | Reached ** piety under Sif Muna
  6237 | D:6      | Reached skill level 7 in Fighting
  6406 | D:6      | Reached skill level 5 in Maces & Flails
  6720 | D:7      | Noticed Dowan
  6727 | D:7      | Noticed Duvessa
  6735 | D:7      | Killed Duvessa
  6847 | D:7      | Killed Dowan
  6954 | D:7      | Reached skill level 8 in Fighting
  7022 | D:7      | Noticed a two-headed ogre
  7031 | D:7      | Killed a two-headed ogre
  7317 | D:7      | Reached skill level 9 in Fighting
  7600 | D:7      | Reached *** piety under Sif Muna
  8248 | D:7      | Reached XP level 10. HP: 81/91 MP: 16/16
  8463 | D:8      | Found a glowing silver altar of Zin.
  8540 | D:8      | Found an ancient bone altar of Kikubaaqudgha.
  8749 | D:8      | Found a shadowy altar of Dithmenos.
  8817 | D:8      | Reached skill level 10 in Fighting
 10006 | D:9      | Found a sparkling altar of Nemelex Xobeh.
 10133 | D:9      | Reached skill level 10 in Maces & Flails
 10620 | D:9      | Found a staircase to the Lair.
 10745 | D:9      | Reached XP level 11. HP: 99/99 MP: 17/17
 10894 | D:9      | Identified a scroll of acquirement
 10894 | D:9      | Acquired a scarf of resistance
 10912 | D:10     | Entered Level 10 of the Dungeon
 10939 | D:10     | Noticed Harold
 10972 | D:10     | Found a radiant altar of Vehumet.
 10973 | D:10     | Found a blossoming altar of Fedhas.
 10973 | D:10     | Found a basalt altar of Yredelemnul.
 10984 | D:10     | Found a stormy altar of Qazlal.
 11316 | D:10     | Reached **** piety under Sif Muna
 11334 | D:10     | Noticed a centaur warrior
 12186 | D:11     | Identified the +2 robe of the Devil's Advocate {Str+2}
 12382 | D:11     | Identified the +0 robe of Inquiry {Harm Will+ Dex+3 Stlth+}
 12451 | D:11     | Reached skill level 1 in Fire Magic
 12636 | D:11     | Noticed Erolcha
 12669 | D:10     | Killed Harold
 12694 | D:10     | Killed a centaur warrior
 12695 | D:10     | Reached skill level 5 in Dodging
 12838 | D:11     | Noticed Josephine
 12913 | D:10     | Killed Josephine
 12921 | D:10     | Reached skill level 11 in Fighting
 13116 | D:11     | Reached skill level 5 in Fire Magic
 13277 | D:11     | Noticed Psyche
 13288 | D:11     | Killed Psyche
 13548 | Lair:1   | Entered Level 1 of the Lair of Beasts
 13633 | Lair:1   | Reached XP level 12. HP: 93/110 MP: 12/18
 13650 | Lair:1   | Reached skill level 5 in Invocations
 14345 | Lair:1   | Reached ***** piety under Sif Muna
 14505 | Lair:1   | Noticed a six-headed hydra
 14512 | Lair:1   | Killed a six-headed hydra
 14667 | Lair:1   | Identified Sif Muna's Catalogue of Ashen Conjuration (Sif
                  | Muna gifted it to you on level 1 of the Lair of Beasts)
 14667 | Lair:1   | Received a gift from Sif Muna
 14816 | Lair:1   | Reached skill level 1 in Conjurations
 15388 | Lair:2   | Reached skill level 12 in Fighting
 15477 | Lair:2   | Noticed Maggie
 15493 | Lair:2   | Killed Maggie
 15628 | Lair:2   | Noticed a catoblepas
 15638 | Lair:2   | Killed a catoblepas
 15817 | Lair:2   | Noticed a six-headed hydra
 15842 | Lair:2   | Killed a six-headed hydra
 17156 | Lair:3   | Noticed Urug
 17158 | Lair:3   | Noticed Gastronok
 17807 | Lair:3   | Found a staircase to the Shoals.
 17967 | Lair:3   | Reached skill level 5 in Conjurations
 18205 | Lair:3   | Noticed Fannar
 18216 | Lair:3   | Killed Fannar
 18217 | Lair:3   | Reached XP level 13. HP: 89/119 MP: 19/19
 18336 | Lair:3   | Found the +4 robe of Augmentation {Str+4 Int+4 Dex+4}
 18370 | Lair:3   | Found a hole to the Spider Nest.
 18568 | Lair:4   | HP: 5/119 [elephant (3)]
 18594 | Lair:4   | Gained mutation: Your tail ends in a poisonous barb.
                  | [potion of mutation]
 18594 | Lair:4   | Gained mutation: You have sharp toenails. [potion of
                  | mutation]
 18594 | Lair:4   | Gained mutation: Your mind is acute. (Int +2) [potion of
                  | mutation]
 19045 | Lair:4   | Identified Sif Muna's Reference Book on Glacial Attacks
                  | (Sif Muna gifted it to you on level 4 of the Lair of
                  | Beasts)
 19045 | Lair:4   | Received a gift from Sif Muna
 19054 | Lair:4   | Learned a level 5 spell: Fireball
 21371 | Lair:5   | You fall into a shaft and drop 1 floor!
 21371 | Lair:6   | Entered Level 6 of the Lair of Beasts
 21800 | Lair:6   | Reached skill level 10 in Fire Magic
 21865 | Lair:6   | Received a gift from Sif Muna
 22268 | Lair:6   | Noticed Kirke
 22284 | Lair:6   | Killed Kirke
 22337 | Lair:6   | Found a runed translucent door.
 22337 | Lair:6   | Found a viscous altar of Jiyva.
 22337 | Lair:6   | Noticed an azure jelly
 22338 | Lair:6   | Found a staircase to the Slime Pits.
 22338 | Lair:6   | Noticed an azure jelly
 22438 | Lair:6   | Noticed a dire elephant
 22440 | Lair:6   | Noticed a dire elephant
 22440 | Lair:6   | Noticed a dire elephant
 23743 | Lair:6   | Reached XP level 14. HP: 111/127 MP: 20/20
 25047 | Lair:6   | Acquired the +11 dire flail "Zunol" {protect, Dex+6}
 25702 | D:11     | Killed Erolcha
 26073 | D:12     | Reached skill level 13 in Fighting
 27109 | D:11     | Reached skill level 5 in Spellcasting
 27547 | D:12     | Identified Cerebov's Catalogue of Torrid Conjuration (Sif
                  | Muna gifted it to you on level 12 of the Dungeon)
 27547 | D:12     | Received a gift from Sif Muna
 27639 | D:12     | You fall into a shaft and drop 2 floors!
 27639 | D:14     | Found a flagged portal.
 27648 | Bailey   | Entered a bailey
 27896 | Bailey   | Identified the +1 battleaxe of Wyrd {flame, rF+ rN+ SInv
                  | Stlth+}
 28772 | D:14     | Noticed an ironbound preserver
 28801 | D:13     | Killed an ironbound preserver
 29280 | D:12     | Identified the +0 ring mail "Vagoafri" {Int+4 Dex+3}
 29285 | D:12     | Found a staircase to the Orcish Mines.
 29450 | D:12     | Found a runed translucent gate.
 29450 | D:12     | Found a runed translucent gate.
 29450 | D:12     | Found a runed translucent gate.
 29450 | D:12     | Noticed krigyl's ghost (journeyman DrTm)
 29450 | D:12     | Noticed Dordric's ghost (journeyman DsBe)
 29451 | D:12     | Noticed Sobieck's ghost (journeyman TeGl)
 29487 | Orc:1    | Entered Level 1 of the Orcish Mines
 30013 | Orc:1    | Reached skill level 10 in Invocations
 31217 | Orc:1    | Noticed a fire giant
 31574 | D:12     | Mangled by an ettin

Illustrated notes

Levels and vault maps discovered:
D:1:      scummos_arrival_hexagon, layout_loops_ring,
          ebering_ecumenical_altar_petrified,
          wander_ebering_terrifying_dragon_lair
D:2:      layout_rooms, grunt_ministairs_7, minmay_worlds_worst_comb,
          uniq_jessica
D:3:      layout_basic, lemuel_doored_altar, ashenzari_altar_1,
          lemuel_coloured_pillars_altar, serial_glass, glass_columns_b,
          glass_columns_a, glass_columns_b, glass_columns_a, uniq_grinder,
          uniq_terence, uniq_sigmund
D:4:      layout_basic, nicolae_wu_jian_wuxing_cycle,
          minmay_temple_entry_gardened_gates, uniq_pikel
D:5:      layout_basic
D:6:      layout_basic, minmay_mini_ossuary, uniq_menkaure
D:7:      cheibrodos_two_vegetables, layout_loops_ring, lightli_orcish_oven,
          uniq_duvessa
D:8:      layout_loops_cross, lemuel_tele_altar, nicolae_overflow_crystal_walls,
          grunt_dithmenos_shadows
D:9:      layout_basic, nemelex_spade_bored_becter, due_lair_maze_entry_diamond
D:10:     layout_basic, nicolae_overflow_quartered_altars, uniq_harold
D:11:     layout_basic, minmay_quadrilaterals, uniq_erolcha, uniq_josephine,
          uniq_psyche
D:12:     layout_cave_pools, zombieorc2_lemuel, gammafunk_ghost_cemetery,
          minmay_misc_feat_tiny
D:13:     layout_stronghold
D:14:     layout_irregular_city, skrybe_vaults_entry_preservation,
          enter_bailey_2, hangedman_abyss_or_decor_clamps
Temple:   jpeg_temple_alley_garden
Lair:1:   layout_layer_cave
Lair:2:   layout_chaotic_city, uniq_maggie
Lair:3:   layout_chaotic_city, shoals_dummy_entry, dummy_spider_entry,
          grunt_megastairs_1, uniq_fannar, uniq_gastronok, uniq_urug
Lair:4:   minmay_lair_oklob_tunnel, layout_cave_pods,
          infiniplex_staircase_pool_2, lemuel_fruit_tree
Lair:5:   layout_cave_pods, serial_bayou_shore_a, minmay_lair_oklob_chamber
Lair:6:   due_jungle_book, layout_regular_city, slime_altar_2, st_stairs_3,
          wad_woods_road_03, nicolae_lair_grove_arrangements,
          chequers_serial_rivers_large_a, wad_woods_01, uniq_kirke
Orc:1:    giant_chief_lemuel, layout_diamond_mine

Skill      XL: |  1  2  3  4  5  6  7  8  9 10 11 12 13 14 |
---------------+-------------------------------------------+-----
Ice Magic      | 5 6 6 |  6.0
Spellcasting   | 3 4 7 |  7.7
Invocations    | 1 4 8 10 | 10.7
Fighting       | 4 6 9 10 11 12 13 | 13.0
Maces & Flails | 4 7 10 12 | 12.0
Dodging        | 3 5 6 7 |  7.0
Fire Magic     | 5 6 11 12 | 12.8
Conjurations   | 5 8 |  8.4
Stealth        | |  1.7

Action                   |  1- 3 |  4- 6 |  7- 9 | 10-12 | 13-15 || total
-------------------------+-------+-------+-------+-------+-------++-------
Melee: Unarmed           |     1 |       |       |       |       ||     1
       Short sword       |    22 |    68 |    18 |       |       ||   108
       Tailslap          |     1 |     4 |     6 |    52 |    78 ||   141
       Whip              |       |       |   117 |   545 |   341 ||  1003
       Kick              |       |       |       |       |   169 ||   169
       Dire flail        |       |       |       |       |   296 ||   296
 Cast: Freeze            |    40 |    13 |     1 |     4 |       ||    58
       Frozen Ramparts   |     3 |    14 |    24 |    64 |    70 ||   175
       Ozocubu's Armour  |       |     6 |    12 |    47 |    54 ||   119
       Fireball          |       |       |       |       |    79 ||    79
       Shatter           |       |       |       |       |     1 ||     1
       Tornado           |       |       |       |       |     1 ||     1
Invok: Divine Exegesis   |       |       |       |       |     2 ||     2
       Channel Magic     |       |       |       |       |     1 ||     1
 Abil: Breathe Fire      |       |       |    28 |    40 |     7 ||    75
Evoke: Wand              |       |     1 |       |       |     1 ||     2
       Condenser vane    |       |       |       |       |     1 ||     1
  Use: Scroll            |       |     1 |     4 |    10 |    12 ||    27
       Potion            |       |       |       |     1 |    12 ||    13
 Stab: Sleeping          |     3 |     1 |     2 |       |     1 ||     7
       Confused          |       |       |       |       |     1 ||     1
       Distracted        |       |       |       |       |     2 ||     2
Armor: Skin              |    23 |    45 |    36 |   214 |   273 ||   591
Dodge: Dodged            |    32 |    62 |    82 |   323 |   514 ||  1013

Table legend: (Time is in decaauts)
 A = Elapsed time spent in this place.
 B = Non-inter-level travel time spent in this place.
 C = Inter-level travel time spent in this place.
 D = Time resting spent in this place.
 E = Time spent auto-exploring this place.
 F = Levels seen in this place.
 G = Mean time per level.
                   A        B        C        D        E       F      G
               +--------+--------+--------+--------+--------+-----+--------+
         Total |  31166 |  30255 |    911 |   5075 |  21054 |  23 | 1355.0 |
       Dungeon |  17138 |  16465 |    673 |   2482 |  11743 |  14 | 1224.1 |
        Temple |    230 |    176 |     54 |      0 |    144 |   1 |  230.0 |
          Lair |  11740 |  11556 |    184 |   2016 |   8172 |   6 | 1956.7 |
  Orcish Mines |   1583 |   1583 |      0 |    443 |    784 |   1 | 1583.0 |
        Bailey |    472 |    472 |      0 |    134 |    210 |   1 |  472.0 |
               +--------+--------+--------+--------+--------+-----+--------+

Top non-repeatable levels by time:
    D:11: 2786 daAuts
  Lair:6: 2741 daAuts
  Lair:5: 2232 daAuts
  Lair:4: 1872 daAuts
  Lair:1: 1804 daAuts
  Lair:2: 1783 daAuts
     D:7: 1660 daAuts
     D:4: 1628 daAuts
    D:10: 1616 daAuts
   Orc:1: 1583 daAuts
  Lair:3: 1306 daAuts
     D:8: 1299 daAuts
     D:1: 1228 daAuts
     D:6: 1154 daAuts
     D:9: 1146 daAuts
